AoeStats
← Think_mao

Arena

508433676Analyzed
4v4 RM · 11d ago on Sep 22, 2026· 53m 11s· 8 players
Game mode
Random Map
Map size
Large (8 player)
Population
200
Speed
Normal
Resources
Standard
Victory
Conquest
Starting age
Dark Age
Ending age
Imperial Age
RankedLock teamsTeams togetherTeam positionsShared explorationLock speedFull tech treeHidden civsTurbo modeCheats
Victory
Defeat
🇨🇳 Japanese · China
1263
+12
🇨🇳 Italians · China
1168
+16
🇨🇳 Franks · China
1136
+17
🇨🇳 Poles · China
978
+24
🇨🇳 Bulgarians · China
1329
-23
🇭🇰 Turks · Hong Kong SAR China
1222
-20
🇨🇳 Spanish · China
1150
-17
🇨🇳 Ethiopians · China
938
-9
BigFaGe
9:58 Feudal Age
11:08 Double-Bit Axe
13:40 Castle Age
11:53 Horse Collar
15:00 Bow Saw
31:44 Loom
34:15 Fletching
37:18 Imperial Age
35:38 Bodkin Arrow
36:34 Padded Archer Armor
37:22 Wheelbarrow
36:42 Gold Mining
36:42 Stone Mining
37:29 Heavy Plow
37:48 Leather Archer Armor
38:22 Conscription
38:57 Crop Rotation
39:30 Two-Man Saw
39:23 Hand Cart
38:53 Town Watch
40:19 Chemistry
40:46 Stone Shaft Mining
40:36 Forging
40:28 Bracer
42:06 Ring Archer Armor
42:07 Thumb Ring
42:42 Forging
42:33 Scale Mail Armor
42:34 Squires
42:20 Arson
42:37 Town Patrol
44:01 Coinage
43:26 Elite Genoese Crossbowman
47:09 Fortified Wall
47:37 Banking
48:18 Hoardings
48:14 Chain Mail Armor
48:34 Iron Casting
49:14 Ballistics
49:10 Pirotechnia
51:34 Masonry
Think_mao
11:25 Feudal Age
15:19 Castle Age
13:35 Double-Bit Axe
17:12 Scale Barding Armor
19:31 Bow Saw
19:21 Loom
24:05 Chain Barding Armor
25:08 Forging
26:48 Wheelbarrow
27:20 Gold Mining
27:59 Hand Cart
30:56 Imperial Age
30:14 Iron Casting
30:11 Husbandry
30:32 Stone Mining
31:26 Gold Shaft Mining
31:00 Town Watch
30:59 Cavalier
32:02 Conscription
32:23 Plate Barding Armor
32:48 Blast Furnace
32:07 Chivalry
32:45 Paladin
34:51 Siege Engineers
41:13 Scale Mail Armor
41:45 Capped Ram
43:32 Chemistry
42:44 Masonry
43:15 #83
42:15 Elite Throwing Axeman
43:13 Chain Mail Armor
45:20 Plate Mail Armor
46:22 Architecture
46:14 Ballistics
47:20 Coinage
48:59 Hoardings
48:19 Fletching
48:29 Murder Holes
49:40 Fervor
51:59 Fortified Wall
51:52 Bodkin Arrow
只想搞事
11:16 Feudal Age
14:54 Castle Age
12:41 Double-Bit Axe
12:38 Horse Collar
16:57 Loom
27:36 Heavy Plow
28:20 Scale Mail Armor
33:07 Imperial Age
31:10 Gold Mining
32:12 Scale Barding Armor
32:00 Fletching
33:47 Bodkin Arrow
48:05 Heavy Cavalry Archer
49:11 Parthian Tactics
48:54 Thumb Ring
51:48 Ballistics
52:29 Chemistry
53:43 Bracer
53:44 Padded Archer Armor
猫娘
10:35 Feudal Age
9:24 Loom
12:14 Loom
12:29 Double-Bit Axe
14:45 Castle Age
17:24 Bow Saw
17:30 Gold Mining
17:31 Stone Mining
19:43 Horse Collar
20:46 Wheelbarrow
21:40 Heavy Plow
24:02 Gold Mining
24:03 Stone Mining
25:11 Forging
26:21 Bloodlines
26:44 Husbandry
26:07 Light Cavalry
28:04 Iron Casting
27:34 Scale Barding Armor
28:13 Hand Cart
30:47 Murder Holes
33:58 Imperial Age
32:37 Chain Barding Armor
34:07 Stone Shaft Mining
33:12 Elite Skirmisher
33:59 Thumb Ring
35:11 Ballistics
35:52 Chemistry
34:18 Cavalier
37:08 Blast Furnace
36:01 Fletching
36:12 Padded Archer Armor
36:05 Winged Hussar
39:00 Crop Rotation
39:48 Conscription
39:34 Szlachta Privileges
41:58 Treadmill Crane
42:37 Leather Archer Armor
42:17 Bodkin Arrow
42:23 Scale Mail Armor
41:47 Pikeman
42:27 Squires
44:26 Coinage
48:15 Lechitic Legacy
48:34 Hoardings
53:25 Bracer
_TY_梦涯
11:13 Feudal Age
11:50 Double-Bit Axe
11:50 Horse Collar
14:43 Castle Age
15:54 Bow Saw
15:45 Heavy Plow
17:24 Town Watch
17:49 Loom
27:16 Gold Mining
28:03 Wheelbarrow
30:41 Imperial Age
29:10 Gold Shaft Mining
28:48 Scale Mail Armor
28:59 Forging
29:20 Pikeman
29:47 Gambesons
30:02 Squires
29:48 Arson
30:55 Chain Mail Armor
31:15 Iron Casting
30:53 Halberdier
31:38 Capped Ram
33:20 Plate Mail Armor
33:50 Blast Furnace
33:13 Siege Ram
40:45 Hand Cart
40:59 Conscription
40:39 Bagains
41:07 Fletching
45:46 Stirrups
46:36 Onager
46:39 Light Cavalry
47:30 Bloodlines
47:20 Husbandry
48:20 Scale Barding Armor
48:29 Hussar
51:04 Chain Barding Armor
Honest威龙
9:36 Feudal Age
10:05 Double-Bit Axe
14:45 Castle Age
15:35 Bow Saw
20:08 Horse Collar
22:56 Wheelbarrow
25:35 Fletching
38:17 Hand Cart
38:11 Bodkin Arrow
38:18 Padded Archer Armor
41:13 Stone Mining
41:28 Herbal Medicine
42:04 Leather Archer Armor
42:24 Heavy Plow
43:04 Loom
46:42 Imperial Age
44:22 Thumb Ring
44:53 Ballistics
45:59 Husbandry
46:45 Elite Conquistador
47:27 Inquisition
47:22 Arrowslits
49:03 Two-Man Saw
48:09 Bracer
48:39 Ring Archer Armor
48:15 Scale Barding Armor
49:18 Chemistry
49:54 Conscription
49:27 Elite Skirmisher
_TY_Power
11:02 Feudal Age
14:44 Castle Age
12:55 Double-Bit Axe
13:35 Horse Collar
15:25 Loom
24:44 Town Watch
32:33 Wheelbarrow
32:51 Bow Saw
33:48 Heavy Plow
35:35 Gold Mining
35:51 Fletching
36:02 Padded Archer Armor
39:12 Imperial Age
38:28 Fortified Wall
38:28 Masonry
39:17 Heavy Cavalry Archer
39:19 Crossbowman
39:55 Bodkin Arrow
40:21 Leather Archer Armor
40:40 Bracer
41:49 Ring Archer Armor
41:42 Ballistics
42:01 Parthian Tactics
42:15 Architecture
41:43 Murder Holes
43:22 Parthian Tactics
_TY_塵
8:20 Loom
10:58 Feudal Age
12:42 Double-Bit Axe
17:19 Castle Age
15:29 Horse Collar
17:20 Padded Archer Armor
17:10 Fletching
20:38 Crossbowman
23:42 Bodkin Arrow
29:26 Leather Archer Armor
34:25 Bow Saw
36:47 Husbandry
38:22 Scale Barding Armor
39:17 Stone Mining
39:45 Forging
43:33 Murder Holes
43:50 Fortified Wall
47:47 Imperial Age
48:10 Royal Heirs
Connection lost

Rejoining the realm…

Still unreachable

The connection could not be restored.

Session expired

The server has moved on; the page needs a fresh start.